Map: 블랙핑크 - 래더

Players

iGiA (iAsonu) - Winner!

  • Race: Zerg Zerg
  • League: Diamond
  • Spawn Location: 1:00

Dark

  • Race: Zerg Zerg
  • Spawn Location: 7:00

Event: WESG 2017 Haikou

VOD

Have the link to the VOD?

Description

Time

  • Played on: March 14, 2018, 10:22 p.m.
  • Length: 4:37

All games in this series

Show
View Real Time Build Order
Export as new Build Order

iGiA Zerg - Winner!

Build Orders: Pool First 

Get SALT Encoding   

  12  0:00  Drone  
  13  0:12  Overlord  
  13  0:18  Drone  
  14  0:31  Drone  
  14  0:32  Drone  
  14  0:35  Drone  
  17  0:44  Spawning Pool  
  17  0:48  Drone  
  17  1:08  Hatchery  
  17  1:10  Drone  
  17  1:12  Extractor  
  17  1:15  Drone  
  17  1:19  Drone  
  18  1:30  Queen  
  21  1:32  Zergling x2  
  21  1:40  Overlord  
  21  1:50  Drone  
  22  2:06  Queen, Zergling x2  
  25  2:12  Metabolic Boost  
  25  2:14  Zergling x2  
  26  2:21  Queen  
  26  2:22  Zergling x4  
  30  2:31  Zergling x2  
  30  2:34  Overlord  
  31  2:40  Zergling x6  
  34  2:46  Zergling x2  
  34  2:50  Zergling x2  
  36  2:53  Overlord  
  36  2:57  Zergling x2  
  37  3:04  Evolution Chamber  
  37  3:05  Zergling x2  
  37  3:12  Roach Warren  
  35  3:16  Zergling x2  
  35  3:18  Evolution Chamber  
  35  3:20  Zergling x2  
  35  3:23  Zergling x2  
  35  3:24  Zergling x2  
  38  3:30  Zergling x2  
  39  3:34  Zergling x4  
  43  3:45  Zergling x8  
  47  3:49  Overlord  
  47  3:54  Zergling x2  
  48  4:01  Zergling x8  
  50  4:11  Zergling x8  
Show
View Real Time Build Order
Export as new Build Order

Dark Zerg 

Build Orders: Hatch First 

Get SALT Encoding   

  12  0:00  Drone  
  13  0:12  Overlord  
  13  0:17  Drone  
  14  0:31  Drone x2  
  14  0:34  Drone  
  17  0:52  Hatchery  
  17  0:54  Drone  
  17  0:57  Drone  
  18  1:08  Extractor  
  17  1:12  Spawning Pool  
  17  1:14  Drone  
  17  1:17  Drone  
  18  1:29  Drone  
  19  1:43  Overlord  
  19  1:51  Drone  
  20  1:59  Queen  
  22  2:03  Zergling x2  
  22  2:04  Queen  
  22  2:05  Zergling x2  
  22  2:07  Metabolic Boost  
  26  2:10  Drone  
  27  2:23  Drone x2  
  27  2:29  Drone  
  30  2:31  Baneling Nest  
  30  2:33  Drone  
  30  2:41  Drone  
  31  2:50  Drone, Overlord  
  32  2:55  Hatchery  
  31  3:05  Drone  
  32  3:14  Drone x8  
  32  3:15  Drone  
  41  3:24  Evolution Chamber, Queen  
  42  3:29  Drone  
  42  3:32  Overlord  
  43  3:39  Drone  
  44  3:45  Roach Warren  
  43  3:51  Evolution Chamber, Zergling x6  
  43  3:52  Zergling x4  
  47  3:56  Evolution Chamber  
  47  3:59  Evolution Chamber, Zergling x2  
  47  4:02  Evolution Chamber  
  45  4:09  Zergling x10  
  48  4:11  Zergling x2  
  48  4:16  Baneling Nest, Zergling x6  
Tags
 
Add a new tag
Caveats
  • Supply blocks, unpowered buildings, or Contaminate may cause inaccurate times.
  • Supply counts are checked every 10 seconds.